Map: King's Cove LE

Players

SortOf

  • Race: Zerg Zerg
  • League: Diamond
  • Spawn Location: 11:00

Astrea - Winner!

  • Race: Protoss Protoss
  • Spawn Location: 5:00

Event: 2019 WCS Summer

VOD

Have the link to the VOD?

Description

Time

  • Played on: July 12, 2019, 9:34 a.m.
  • Length: 13:32

All games in this series

Show
View Real Time Build Order
Export as new Build Order

SortOf Zerg 

Build Orders: Hatch First 

Get SALT Encoding   

  12  0:00  Drone  
  13  0:13  Overlord  
  13  0:18  Drone  
  14  0:31  Drone x2  
  16  0:50  Hatchery  
  16  0:53  Drone  
  16  0:56  Drone  
  17  1:11  Spawning Pool  
  16  1:13  Drone  
  16  1:16  Extractor  
  16  1:19  Drone  
  16  1:23  Drone  
  18  1:30  Drone  
  19  1:40  Drone  
  20  1:50  Overlord  
  20  1:58  Queen  
  22  2:02  Queen  
  22  2:04  Zergling x4  
  26  2:13  Drone x2  
  28  2:22  Drone  
  29  2:26  Drone  
  30  2:34  Drone  
  30  2:36  Hatchery  
  30  2:41  Pneumatized Carapace  
  30  2:47  Drone x2  
  32  2:51  Overlord  
  32  2:57  Drone x2  
  34  3:03  Queen  
  36  3:11  Drone x2  
  38  3:15  Overlord  
  38  3:18  Drone x2  
  38  3:19  Drone  
  41  3:23  Metabolic Boost  
  41  3:28  Overlord  
  41  3:31  Drone  
  42  3:34  Drone  
  42  3:38  Queen  
  45  3:42  Drone  
  45  3:46  Drone  
  47  3:49  Drone  
  47  3:52  Drone x4  
  47  3:53  Queen  
  54  4:00  Overlord  
  54  4:04  Drone  
  54  4:06  Lair  
  54  4:09  Drone x3  
  58  4:17  Roach Warren  
  58  4:19  Drone x2, Extractor x2  
  58  4:23  Zergling x2  
  58  4:24  Zergling x4  
  60  4:30  Drone x5  
  65  4:34  Overlord  
  65  4:36  Drone  
  66  4:46  Drone x4  
  66  4:49  Drone  
  66  4:52  Extractor, Overlord  
  70  5:00  Overlord  
  70  5:01  Zergling x8  
  70  5:05  Roach  
  76  5:09  Roach x2  
  76  5:13  Zergling x2  
  76  5:14  Zergling x4  
  83  5:15  Extractor  
  83  5:19  Overseer  
  83  5:20  Glial Reconstitution  
  83  5:21  Roach x6  
  94  5:25  Extractor  
  93  5:29  Ravager  
  93  5:31  Drone x3, Ravager  
  93  5:32  Overlord x2  
  98  5:36  Overlord  
  98  5:39  Overlord  
  98  5:50  Overlord  
  98  5:51  Drone x5  
  98  5:52  Drone x2  
  105  6:02  Roach x3  
  106  6:06  Roach x3  
  106  6:09  Overlord  
  112  6:15  Roach x4  
  120  6:20  Ravager x5  
  120  6:21  Overlord  
  120  6:22  Overseer  
  125  6:27  Roach x2  
  125  6:29  Zergling x6  
  125  6:32  Overseer  
  132  6:35  Zergling x2  
  139  6:47  Roach x5  
  139  6:52  Roach  
  139  6:53  Roach x3  
  144  6:56  Ravager x2  
  144  7:01  Overlord x4  
  146  7:05  Baneling Nest  
  146  7:07  Overlord  
  145  7:13  Overlord  
  145  7:22  Ravager x6  
  150  7:23  Zergling x18, Roach x2  
  150  7:24  Zergling x2  
  155  7:36  Roach x4  
  140  7:41  Zergling x2  
  140  7:42  Zergling x2  
  128  7:50  Roach x2  
  112  7:52  Roach  
  112  7:53  Roach x6  
  112  7:54  Queen  
  120  7:59  Zergling x2  
  120  8:02  Roach  
  116  8:08  Roach  
  104  8:14  Roach x3  
  104  8:17  Ravager x4  
  104  8:19  Zergling x2  
  107  8:24  Zergling x4  
  107  8:25  Zergling x8  
  110  8:34  Zergling x4  
  110  8:41  Ravager x4  
  116  8:45  Roach x3  
  122  8:50  Zergling x4  
  124  8:59  Hatchery  
  124  9:02  Roach x8  
  139  9:13  Roach x5  
  139  9:15  Ravager  
  143  9:25  Roach x5  
  153  9:37  Roach  
  153  9:38  Roach x6  
  167  9:48  Roach x5  
  177  9:57  Overlord  
  177  9:58  Zergling x6  
  177  9:59  Zergling x6  
  183  10:06  Roach x2  
  168  10:12  Infestation Pit, Centrifical Hooks  
  168  10:13  Evolution Chamber  
  148  10:16  Drone  
  148  10:17  Drone x3  
  148  10:19  Ravager x2  
  147  10:22  Drone x2  
  147  10:26  Drone x3  
  152  10:28  Drone  
  152  10:29  Drone  
  152  10:32  Drone  
  149  10:38  Drone x6  
  149  10:39  Ravager  
  149  10:40  Ravager x3  
  158  10:43  Queen  
  158  10:45  Baneling  
  158  10:46  Baneling x2  
  159  10:52  Zergling x10  
  159  10:56  Extractor  
  163  10:57  Zergling x8  
  163  10:58  Zergling x2  
  163  11:00  Zerg Melee Weapons Level 1  
  163  11:02  Zergling x2  
  169  11:08  Zergling x14  
  175  11:11  Baneling x6  
  175  11:12  Baneling x2  
  175  11:15  Zergling x2  
  175  11:16  Zergling x4  
  178  11:22  Baneling x7  
  178  11:23  Baneling x2  
  178  11:24  Zergling x8  
  182  11:33  Baneling x6  
  182  11:34  Zergling x14  
  182  11:37  Zergling x6  
  192  11:40  Baneling x5  
  182  11:47  Zergling x14  
  173  11:57  Zergling x10  
  173  11:58  Baneling  
  173  11:59  Baneling x12  
  165  12:06  Zergling x14  
  159  12:13  Baneling x8  
  152  12:18  Zergling x16  
  154  12:27  Zergling x2  
  154  12:28  Zergling x4  
  125  12:33  Zergling x2  
  125  12:34  Zergling x10  
  120  12:38  Zergling x2  
  120  12:43  Zergling x4  
  120  12:44  Zergling x6  
  120  12:46  Zergling x4  
  106  12:55  Baneling x11, Roach x2  
  92  12:59  Zergling x4  
  92  13:02  Zergling x2  
  93  13:06  Zergling x2  
  93  13:09  Zergling x2  
  93  13:12  Zergling x2  
Show
View Real Time Build Order
Export as new Build Order

Astrea Protoss - Winner!

Build Orders: Nexus First, Phoenix Opening 

Get SALT Encoding   

  12  0:00  Probe  
  13  0:12  Probe  
  14  0:18  Pylon  
  14  0:24  Probe  
  15  0:32  Probe  
  15  0:40  Probe  
  17  0:51  Probe  
  18  1:02  Nexus  
  18  1:05  Probe  
  19  1:14  Probe  
  19  1:15  Gateway  
  20  1:22  Probe  
  20  1:23  Assimilator  
  20  1:30  Assimilator  
  20  1:32  Probe  
  22  1:40  Pylon  
  22  1:44  Probe  
  23  1:58  Probe  
  24  2:02  Cybernetics Core  
  24  2:04  Zealot  
  26  2:10  Probe  
  26  2:11  Probe  
  28  2:19  Probe  
  28  2:22  Probe  
  28  2:29  Probe, Sentry  
  30  2:35  Probe  
  32  2:38  Warp Gate  
  32  2:40  Robotics Facility  
  32  2:42  Probe  
  35  2:47  Probe  
  35  2:51  Gateway  
  36  2:54  Probe  
  36  2:58  Sentry  
  39  2:59  Probe  
  39  3:03  Pylon  
  40  3:08  Probe  
  40  3:12  Probe  
  42  3:15  Phoenix  
  42  3:16  Immortal  
  42  3:20  Probe  
  42  3:24  Probe  
  42  3:25  Pylon  
  44  3:34  Probe  
  49  3:36  Sentry  
  49  3:38  Probe  
  49  3:40  Gateway  
  52  3:43  Warp Prism  
  52  3:44  Assimilator  
  52  3:45  Assimilator  
  52  3:46  Probe  
  53  3:50  Probe  
  56  3:59  Pylon  
  56  4:00  Pylon  
  56  4:01  Probe  
  57  4:05  Probe  
  58  4:13  Observer  
  58  4:15  Probe  
  59  4:21  Gateway x2  
  60  4:25  Probe, Phoenix, Gateway  
  60  4:26  Sentry  
  60  4:27  Sentry, Immortal  
  69  4:46  Probe x2, Pylon  
  69  4:48  Pylon  
  69  4:49  Sentry x2  
  75  4:53  Zealot  
  75  4:58  Immortal  
  77  5:05  Pylon  
  81  5:19  Nexus  
  81  5:26  Sentry x3  
  81  5:27  Immortal  
  87  5:32  Probe x2  
  89  5:42  Gateway  
  93  5:44  Gateway  
  93  5:48  Probe x2  
  95  5:55  Gateway  
  81  6:04  Probe  
  81  6:07  Sentry x3  
  81  6:08  Sentry, Zealot  
  81  6:09  Zealot  
  94  6:13  Probe  
  94  6:16  Probe  
  96  6:26  Pylon  
  96  6:29  Shield Battery  
  96  6:30  Sentry x2, Pylon  
  96  6:31  Zealot x2, Colossus  
  104  6:35  Zealot x2  
  105  6:52  Sentry x2, Zealot  
  105  6:53  Zealot x4  
  117  6:56  Sentry, Zealot  
  121  7:05  Observer  
  122  7:11  Pylon  
  122  7:16  Sentry, Zealot x4  
  122  7:19  Zealot  
  122  7:21  Zealot x2  
  122  7:22  Zealot  
  101  7:43  Sentry x2  
  87  7:44  Zealot x3  
  87  7:45  Zealot x4  
  91  8:03  Warp Prism  
  91  8:09  Stalker x7  
  101  8:21  Sentry x2  
  99  8:35  Immortal  
  99  8:38  Probe  
  99  8:39  Probe x2  
  106  8:49  Probe x2, Zealot  
  106  8:50  Zealot x5, Sentry x2  
  124  9:11  Sentry x2  
  124  9:13  Zealot x5  
  124  9:14  Zealot  
  140  9:25  Pylon x2  
  140  9:30  Pylon  
  140  9:32  Robotics Bay  
  140  9:36  Assimilator  
  140  9:38  Assimilator  
  140  9:42  Probe  
  140  9:43  Probe x2  
  142  9:54  Probe  
  142  9:55  Probe x2  
  145  10:06  Stalker x3  
  145  10:07  Disruptor, Stalker x3  
  146  10:20  Stalker x3  
  151  10:32  Disruptor  
  149  10:42  Stalker  
  151  10:45  Pylon  
  151  10:46  Pylon  
  154  10:50  Stalker  
  154  10:51  Stalker x4  
  154  10:54  Pylon x2  
  154  10:56  Disruptor  
  164  11:09  Probe  
  167  11:16  Stalker x5  
  175  11:19  Pylon  
  175  11:30  Disruptor  
  176  11:35  Stalker  
  176  11:36  Stalker x3  
  166  11:58  Stalker x6  
  166  11:59  Stalker  
  121  12:36  Stalker x4  
  107  12:42  Stalker x5  
  99  13:00  Zealot  
  99  13:01  Zealot x3  
  107  13:05  Zealot  
  107  13:10  Sentry  
  107  13:11  Sentry  
  113  13:15  Sentry  
Tags
 
Add a new tag
Caveats
  • Supply blocks, unpowered buildings, or Contaminate may cause inaccurate times.
  • Supply counts are checked every 10 seconds.